[Event "*** Titled Tuesday Blitz"]
[Site "Chess.com"]
[Date "2021.02.02"]
[Round "8"]
[White "strelec64"]
[Black "Coiote53"]
[Result "1-0"]
[WhiteElo "2506"]
[BlackElo "2364"]
[TimeControl "180+1"]
[EndTime "11:29:39 PST"]
[Termination "strelec64 won by resignation"]

1. d4 Nf6 2. Nf3 g6 3. c4 Bg7 4. g3 c6 5. Bg2 d5 6. Qb3 O-O 7. O-O Qb6 8. Nc3 Rd8 9. Rd1 Bf5 10. Ne1 dxc4 11. Qxc4 Na6 12. Nf3 Be6 13. Qa4 Bg4 14. a3 c5 15. d5 Nc7 16. Ne5 Bd7 17. Nxd7 Rxd7 18. Qc2 Rad8 19. e4 e6 20. Na4 Qd6 21.
Nxc5 exd5 22. Nxb7 Qa6 23. Nxd8 Rxd8 24. Qxc7 Rc8 25. Qe7 Qe2 26. Be3 Ng4 27. Rd2 Qb5 28.
Bd4 Bh6 29. Rdd1 Qe2 30. h3 Nxf2 31. Bxf2 Rc2 32. Rf1 Be3 33. Qf6 Rd2 34. Rae1 Bxf2+ 35. Qxf2 Qe3 1-0

[Event "*** Titled Tuesday Blitz"]
[Site "Chess.com"]
[Date "2021.02.02"]
[Round "8"]
[White "rachidhuilda"]
[Black "PowerThinking2650"]
[Result "0-1"]
[WhiteElo "2221"]
[BlackElo "2382"]
[TimeControl "180+1"]
[EndTime "11:29:39 PST"]
[Termination "PowerThinking2650 won by checkmate"]

1. d4 Nf6 2. Bg5 g6 3. Bxf6 exf6 4. e3 f5 5. g3 Bg7 6. Bg2 h5 7. h4 c6 8. c4 d6 9. Nc3 Nd7 10. Nge2 Nf6 11. Nf4 Ng4 12. Qf3 O-O 13. O-O Re8 14.
Rad1 Bd7 15. b4 a6 16. a4 g5 17. Nxh5 gxh4 18. gxh4 Qxh4 19. Qh3 Qxh3 20. Bxh3 Bh8 21. Kg2 Re6 22. Bxg4 fxg4 23. Nf4 Rh6 24. Rh1 Rxh1 25. Kxh1 Bf6 26. Ne4 Be7 27. Kg2 Bf5 28. Ng3 Bc2 29.
Ra1 Bg5 30. Nge2 Kg7 31. Kg3 f6 32. Kxg4 Rh8 33. Kg3 Be4 34. b5 Bh4+ 35. Kh3 Bxf2+ 36. Kg4 f5+ 37. Kg5 Bh4# 0-1

[Event "*** Titled Tuesday Blitz"]
[Site "Chess.com"]
[Date "2021.02.02"]
[Round "8"]
[White "cukin84"]
[Black "Al_Shima"]
[Result "0-1"]
[WhiteElo "2139"]
[BlackElo "2291"]
[TimeControl "180+1"]
[EndTime "11:29:39 PST"]
[Termination "Al_Shima won by resignation"]

1. e4 e6 2. d4 d5 3. Nc3 Bb4 4.
exd5 exd5 5. Bd3 Nf6 6. Bg5 O-O 7.
Ne2 c5 8. O-O c4 9. Bxf6 gxf6 10.
Bxh7+ Kxh7 11. Nf4 Bxc3 12. Qh5+ Kg7 13. bxc3 Rh8 14.
Qf3 Be6 15. Nh5+ Rxh5 16. Qxh5 Nc6 17. Rab1 Qd6 18. g3 Rh8 19. Qf3 b6 20. Rfe1 Ne7 21. a4 Ng6 22. a5 bxa5 23. Rb7 Qa6 24. Reb1 a4 25. R7b4 a3 26. Ra1 Ne7 27. Qd1 Nc6 28. Rbb1 Qa5 29. Qc1 Qxc3 30. Rxa3 Qxd4 31. Re3 Ne5 32. Rb7 a5 33. Qb2 Qxb2 34. Rxb2 d4 35. Re4 Bf5 36. Rf4 Kg6 37. Kg2 d3 38. cxd3 Nxd3 39. Rxf5 Kxf5 40. Rb5+ Ke4 41. Rxa5 c3 42. Ra4+ Kd5 43. Ra5+ Kc4 44. Ra4+ Nb4 45. Kf3 c2 46. Ra1 Rd8 0-1

[Event "*** Titled Tuesday Blitz"]
[Site "Chess.com"]
[Date "2021.02.02"]
[Round "8"]
[White "GregShahade"]
[Black "SilviusTiberius"]
[Result "1-0"]
[WhiteElo "2663"]
[BlackElo "2473"]
[TimeControl "180+1"]
[EndTime "11:29:40 PST"]
[Termination "GregShahade won on time"]

1. e4 e5 2. Nf3 Nc6 3. Bb5 Nf6 4. d3 Bc5 5. O-O Nd4 6. Nxd4 Bxd4 7. c3 Bb6 8. Ba4 O-O 9. Bg5 h6 10. Bh4 g5 11. Bg3 d6 12. Nd2 Bg4 13. Qe1 Nh5 14. Bd1 Qd7 15. Nc4 Nxg3 16. hxg3 Bxd1 17. Rxd1 f5 18.
d4 exd4 19. cxd4 Rae8 20. e5 Qb5 21. Qc3 dxe5 22. dxe5 Re7 23. Rd3 Rfe8 24. Rfd1 Qc6 25. Rd5 a6 26. b3 Ba7 27. Qf3 b5 28. Ne3 Bxe3 29. Qxe3 Qe6 30. Rc5 Rd7 31. Rdc1 Ree7 32. Rc6 Qxe5 33. Qa7 Rd6 34. Qxa6 1-0

[Event "*** Titled Tuesday Blitz"]
[Site "Chess.com"]
[Date "2021.02.02"]
[Round "8"]
[White "bylavochka"]
[Black "GMMarcinDziuba"]
[Result "0-1"]
[WhiteElo "2103"]
[BlackElo "2583"]
[TimeControl "180+1"]
[EndTime "11:29:40 PST"]
[Termination "GMMarcinDziuba won on time"]

1. e4 g6 2. d4 Bg7 3. Nf3 b6 4. Be2 Bb7 5. Nc3 e6 6. O-O d6 7.
h3 Nd7 8. a4 a6 9. Be3 Ne7 10.
Nd2 O-O 11. f4 f5 12. e5 dxe5 13. dxe5 Nd5 14. Nxd5 Bxd5 15. Bf3 Nc5 16. Bxc5 bxc5 17. Bxd5 Qxd5 18. Nb3 c4 19. Qxd5 exd5 20. Nc5 Rfb8 21. b3 Bf8 22. Nd7 cxb3 23. Nxb8 Rxb8 24. Rab1 b2 25. Rfd1 Bc5+ 26. Kf1 Be3 27. g3 c6 28. Rd3 Bc1 29. Rc3 Rc8 30. Ke2 Kf7 31.
Rb3 Ke6 32. R1xb2 Bxb2 33. Rxb2 g5 34. Rb7 gxf4 35. gxf4 Rg8 36. Rxh7 d4 37. Kd3 Kd5 38. Rd7+ Kc5 39. Rxd4 Rg3+ 0-1

[Event "*** Titled Tuesday Blitz"]
[Site "Chess.com"]
[Date "2021.02.02"]
[Round "8"]
[White "Nikolaj_6"]
[Black "Zmof"]
[Result "1-0"]
[WhiteElo "2599"]
[BlackElo "2133"]
[TimeControl "180+1"]
[EndTime "11:29:41 PST"]
[Termination "Nikolaj_6 won on time"]

1. e4 c5 2. Nc3 a6 3. d4 cxd4 4.
Qxd4 Nc6 5. Qd2 Nf6 6. b3 e6 7. a3 d5 8. exd5 Nxd5 9. Nxd5 Qxd5 10. Qxd5 exd5 11. Bb2 Be6 12. O-O-O Rc8 13. Nf3 f6 14. Bd3 Kf7 15. Rhe1 Bd6 16. Kb1 g6 17. b4 Rhe8 18. h3 b5 19. Re2 Bd7 20. Nd4 Nxd4 21. Bxd4 Rxe2 22. Bxe2 Bf5 23. Bd3 Bxd3 24. Rxd3 Rc4 25. c3 Rc8 26. Kb2 Re8 27. Be3 Ke6 28. Kb3 Be5 29. a4 Rc8 30. Bc5 f5 31. Rd2 h5 32. Ra2 bxa4+ 33. Rxa4 Rc6 34. Ra2 Bd6 35. Re2+ Kd7 36. Bd4 Rc4 37. Rd2 Ke6 38. Rd3 Kd7 39. f3 Ke6 40. g4 hxg4 41. hxg4 fxg4 42. fxg4 Bf4 43. Rf3 g5 44. Rh3 Rc6 45. Rh6+ Kd7 46. Rh7+ Ke6 47. Kc2 1-0

[Event "*** Titled Tuesday Blitz"]
[Site "Chess.com"]
[Date "2021.02.02"]
[Round "8"]
[White "RD4ever"]
[Black "SlavenPastar"]
[Result "1-0"]
[WhiteElo "2846"]
[BlackElo "2633"]
[TimeControl "180+1"]
[EndTime "11:29:42 PST"]
[Termination "RD4ever won on time"]

1. d4 b6 2. e4 Bb7 3. Bd3 Nf6 4. Qe2 e6 5. Nf3 d5 6. e5 Ne4 7. Nbd2 Nxd2 8. Bxd2 c5 9. c3 Be7 10. h4 a5 11. h5 O-O 12. Rh3 Ba6 13. Rg3 Kh8 14.
Rd1 a4 15. a3 Qc8 16. h6 g6 17.
Bg5 Bxg5 18. Nxg5 Bxd3 19. Rgxd3 Qd8 20. f4 Nc6 21. Kf2 Rc8 22. Kg3 b5 23. dxc5 Na5 24. Ne4 Nc4 25. Nd6 Rxc5 26. Nb7 Qc7 27. Nxc5 Qxc5 28. Qf2 Qxf2+ 29. Kxf2 Nxb2 30. Ke3 Nxd1+ 31. Rxd1 Rc8 32. Kd3 Kg8 33. Rb1 Rb8 34. Kd4 Kf8 35.
Kc5 Rc8+ 36. Kd6 Rxc3 37. Rxb5 Rc8 38. Kd7 Ra8 39. Rb7 Kg8 40. Ke7 1-0

[Event "*** Titled Tuesday Blitz"]
[Site "Chess.com"]
[Date "2021.02.02"]
[Round "8"]
[White "LisikValera"]
[Black "1977Ivan"]
[Result "0-1"]
[WhiteElo "2478"]
[BlackElo "2699"]
[TimeControl "180+1"]
[EndTime "11:29:42 PST"]
[Termination "1977Ivan won by resignation"]

1. d4 Nf6 2. c4 g6 3. Nc3 Bg7 4. e4 d6 5. Nf3 Bg4 6. Be2 Bxf3 7. Bxf3 e5 8. d5 h5 9. Be3 Bh6 10. Bxh6 Rxh6 11. Qd2 Rh8 12. O-O-O Nbd7 13. Kb1 Kf8 14. h3 Kg7 15. Be2 Nc5 16. Bd3 a5 17.
g3 h4 18. g4 Nh7 19. Bc2 Qg5 20.
Qe2 Nf6 21. f3 Rhc8 22. Qf2 Ra6 23. Rd2 a4 24. Rc1 Rca8 25. Nd1 Rb6 26. Ka1 Nb3+ 27. Bxb3 axb3 28. a3 Nd7 29. Kb1 Nc5 30. Nc3 Qf4 31.
Re1 Rba6 32. Red1 Qg5 33. Re2 Rf8 34. Qe3 Qxe3 35. Rxe3 Kh6 36. Ne2 f5 37. Kc1 fxe4 38. fxe4 Raa8 39. Kd2 Rf2 40. Rg1 Raf8 41. g5+ Kh5 42.
Ke1 R8f3 43. Rxf3 Rxf3 44. Nc3 Rxh3 45. Rf1 Nd3+ 46. Kd2 Nxb2 47. Nd1 Nxc4+ 48. Kc1 b2+ 49. Kb1 Rxa3 50. Nxb2 Rb3 0-1

[Event "*** Titled Tuesday Blitz"]
[Site "Chess.com"]
[Date "2021.02.02"]
[Round "8"]
[White "Andrakhanova"]
[Black "Kapitan_Bayan"]
[Result "0-1"]
[WhiteElo "2277"]
[BlackElo "2441"]
[TimeControl "180+1"]
[EndTime "11:29:42 PST"]
[Termination "Kapitan_Bayan won by resignation"]

1. c4 Nf6 2. Nc3 e6 3. e4 d5 4. e5 d4 5. exf6 dxc3 6. bxc3 Qxf6 7. d4 c5 8. Nf3 h6 9. Bd3 Nc6 10. O-O cxd4 11. cxd4 Nxd4 12. Nxd4 Qxd4 13. Be3 Qh4 14. g3 Qd8 15. Qb3 Be7 16. Rfd1 Qc7 17. Bf4 e5 18. Qb5+ Bd7 19. Bxe5 Bxb5 20. Bxc7 Bc6 21. Re1 Kd7 22.
Bf5+ Kxc7 23. Rxe7+ Kb6 24. Rxf7 Rhf8 25. Rxf8 Rxf8 26.
g4 Kc5 27. Rc1 Bf3 28. h3 b6 29. Rc3 Be2 30. Re3 Bxc4 31. Re7 a5 32. a3 Rf7 33. Re5+ Kd4 34. Re3 b5 35. Re8 b4 36. axb4 axb4 37.
Rc8 Rxf5 38. gxf5 b3 39. Rb8 Kc3 40. Kg2 b2 41. Kg3 Bb3 42. Rc8+ Kd4 43. Rd8+ Kc5 44.
Rc8+ Kd6 45. Rd8+ Ke7 0-1

[Event "*** Titled Tuesday Blitz"]
[Site "Chess.com"]
[Date "2021.02.02"]
[Round "8"]
[White "MF1966Idrisov"]
[Black "fish7728"]
[Result "0-1"]
[WhiteElo "2380"]
[BlackElo "2214"]
[TimeControl "180+1"]
[EndTime "11:29:42 PST"]
[Termination "fish7728 won by checkmate"]

1. Nf3 Nf6 2. b3 g6 3. Bb2 Bg7 4. c4 O-O 5. g3 d6 6. d4 b6 7. Bg2 Bb7 8. O-O Nbd7 9. Nc3 a6 10.
d5 c5 11. dxc6 Bxc6 12. Rc1 Rc8 13. Qd2 Re8 14. Nd4 Bxg2 15. Kxg2 Qc7 16. f3 Qb7 17. h3 Ne5 18. e4 Nc6 19. Nxc6 Qxc6 20. Nd5 Qb7 21.
Bxf6 exf6 22. Qf4 f5 23. Qxd6 fxe4 24. Qxb6 exf3+ 25. Rxf3 Re2+ 26. Kf1 Qxb6 27. Nxb6 Rce8 28. c5 Bd4 29. Nd7 Rh2 30. Rfc3 Ree2 31. Rf3 Rxa2 32.
c6 Rh1# 0-1

[Event "*** Titled Tuesday Blitz"]
[Site "Chess.com"]
[Date "2021.02.02"]
[Round "8"]
[White "VladaSviridova"]
[Black "MasterLeif"]
[Result "1-0"]
[WhiteElo "2258"]
[BlackElo "2404"]
[TimeControl "180+1"]
[EndTime "11:29:43 PST"]
[Termination "VladaSviridova won by resignation"]

1. d4 d5 2. c4 e5 3. dxe5 d4 4. Nf3 Nc6 5. a3 Nge7 6. b4 Ng6 7. Bb2 a5 8. b5 Ncxe5 9. Nxe5 Nxe5 10. e3 Be6 11.
Bxd4 Nxc4 12. Qc2 Nd6 13. Bd3 Qg5 14. f4 Qh4+ 15. g3 Qh3 16. Nc3 Nf5 17. Bxf5 Bxf5 18. e4 O-O-O 19. Be5 f6 20. Nd5 Rd7 21. Nb6+ Kd8 22.
Nxd7 fxe5 23. Nxe5 Be6 24. O-O-O+ Bd6 25. f5 Kc8 26.
Rxd6 Bb3 27. Qxb3 cxd6 28. Qe6+ Kb8 29. Qxd6+ Ka8 30. Nd7 Rc8+ 31. Kb1 Qg2 32. Nb6+ Ka7 33. Nxc8+ Ka8 34. Nb6+ Ka7 35. Rc1 Qxe4+ 36. Rc2 Qxf5 37. Nd5 Qf1+ 38. Ka2 Qc4+ 39. Rxc4 1-0

[Event "*** Titled Tuesday Blitz"]
[Site "Chess.com"]
[Date "2021.02.02"]
[Round "8"]
[White "Iskusnyh"]
[Black "Bastiandash"]
[Result "0-1"]
[WhiteElo "2587"]
[BlackElo "2483"]
[TimeControl "180+1"]
[EndTime "11:29:44 PST"]
[Termination "Bastiandash won on time"]

1. d4 Nf6 2. c4 e6 3. g3 Bb4+ 4. Bd2 a5 5. Bg2 O-O 6. Nf3 Qe7 7. O-O Bxd2 8. Qxd2 d6 9. Nc3 Nbd7 10. e4 e5 11. Rfe1 c6 12. Rad1 Re8 13. h3 a4 14.
Kh2 exd4 15. Qxd4 Ne5 16. b3 axb3 17. axb3 Ra3 18. Qb6 Ra8 19. Qe3 Neg4+ 20. hxg4 Nxg4+ 21. Kg1 Nxe3 22. Rxe3 Be6 23. Nd5 cxd5 24. exd5 Qf6 25.
dxe6 Rxe6 26. Red3 Rae8 27. R3d2 g6 28. Kh2 Re2 29. Rxe2 Rxe2 30. Kg1 Qb2 31. Rf1 Qc3 32. Ng5 Re1 33. Ne4 Rxf1+ 0-1

[Event "*** Titled Tuesday Blitz"]
[Site "Chess.com"]
[Date "2021.02.02"]
[Round "8"]
[White "nrvisakh"]
[Black "doons21"]
[Result "1-0"]
[WhiteElo "2745"]
[BlackElo "2552"]
[TimeControl "180+1"]
[EndTime "11:29:45 PST"]
[Termination "nrvisakh won by resignation"]

1. c4 Nf6 2. g3 g6 3. Bg2 Bg7 4.
Nf3 O-O 5. O-O d6 6. Nc3 c6 7. b4 d5 8. Qb3 dxc4 9. Qxc4 Be6 10.
Qh4 Nbd7 11. Ng5 Bd5 12. Nxd5 cxd5 13. Bb2 h6 14. Nf3 e6 15. Rab1 Ne4 16. Qxd8 Rfxd8 17. Bxg7 Kxg7 18. d3 Nd6 19. Rfc1 Rac8 20. Nd4 Kf6 21. f4 Ke7 22. Nb3 Rxc1+ 23. Rxc1 Rc8 24. Rxc8 Nxc8 25. e4 dxe4 26. Bxe4 Nd6 27. Bf3 b6 28. Kf2 h5 29.
Nd4 Nb8 30. a4 Ne8 31. Nb5 a5 32. bxa5 bxa5 33. Na3 Nc7 34. Nc4 Nca6 35. d4 Nb4 36. Nxa5 Nd7 37. Nc6+ Nxc6 38. Bxc6 Nb8 39. Bb5 Kd6 40.
Ke3 f6 41. Ke4 f5+ 42. Kd3 Kd5 43. a5 Nc6 44. Bxc6+ Kxc6 1-0

[Event "*** Titled Tuesday Blitz"]
[Site "Chess.com"]
[Date "2021.02.02"]
[Round "8"]
[White "CrushingKings"]
[Black "ftorodent"]
[Result "1-0"]
[WhiteElo "2385"]
[BlackElo "2686"]
[TimeControl "180+1"]
[EndTime "11:29:46 PST"]
[Termination "CrushingKings won by resignation"]

1. e4 c5 2. d4 cxd4 3. c3 d3 4. Bxd3 e6 5. c4 Nf6 6. Nc3 d6 7. Nf3 Be7 8. O-O O-O 9. Qe2 Nbd7 10. Rd1 a6 11. h3 Qc7 12. Be3 b6 13. Rac1 Bb7 14.
Bb1 Rac8 15. b3 Rfe8 16. Nd4 Nc5 17. Bg5 Qb8 18. b4 Ncd7 19. a3 Ne5 20. Na4 Ba8 21. Be3 Nxc4 22. Rxc4 Rxc4 23. Qxc4 b5 24. Qb3 bxa4 25. Qxa4 Nxe4 26. Qxa6 Nc3 27. Rc1 Nxb1 28. Rxb1 d5 29. Nc6 Bxc6 30. Qxc6 Rd8 31. b5 d4 32. Bd2 Bxa3 33. b6 h6 34. b7 d3 35. Ba5 d2 36.
Bxd8 Qxd8 37. Qc8 1-0

[Event "*** Titled Tuesday Blitz"]
[Site "Chess.com"]
[Date "2021.02.02"]
[Round "8"]
[White "kidagent"]
[Black "LenkaPtacnikova"]
[Result "1-0"]
[WhiteElo "2276"]
[BlackElo "2119"]
[TimeControl "180+1"]
[EndTime "11:29:47 PST"]
[Termination "kidagent won by resignation"]

1. e4 c5 2. Nf3 e6 3. d4 cxd4 4. Nxd4 Nf6 5. Nc3 Nc6 6. Ndb5 Bb4 7. a3 Bxc3+ 8. Nxc3 d5 9. exd5 exd5 10. Bd3 O-O 11. O-O d4 12. Ne2 Bg4 13. Bg5 h6 14. Bh4 Re8 15. f3 Be6 16. Qd2 Rc8 17. Rad1 Ne5 18. Bb5 Qb6 19. Bxe8 d3+ 20. Bf2 Qxb2 21. Bxf7+ Bxf7 22. cxd3 Rc2 23. Qb4 Qxb4 24. axb4 Rxe2 25. Bxa7 Nd5 26.
Rf2 Rxf2 27. Kxf2 Nxb4 28. d4 Nec6 29. Bc5 Bd5 30. Rb1 Nd3+ 31. Ke3 Nxc5 32. dxc5 Ne7 33. g4 g5 34. f4 gxf4+ 35. Kxf4 Kf7 36. g5 h5 37. Ke5 Bc6 38. Rf1+ Kg6 39. h4 Nd5 40. Rf8 Ne3 41. Rh8 Ng4+ 42. Kf4 Ne3 43. Kxe3 Kf5 44.
Rxh5 1-0

[Event "*** Titled Tuesday Blitz"]
[Site "Chess.com"]
[Date "2021.02.02"]
[Round "8"]
[White "m_ezat"]
[Black "krasavetc"]
[Result "1-0"]
[WhiteElo "2546"]
[BlackElo "2367"]
[TimeControl "180+1"]
[EndTime "11:29:48 PST"]
[Termination "m_ezat won by resignation"]

1. d4 Nf6 2. c4 e6 3. Nc3 d5 4. cxd5 exd5 5. Bg5 c6 6. Qc2 Be7 7. e3 O-O 8. Bd3 h6 9. Bf4 Nbd7 10. Nge2 Re8 11.
O-O Nf8 12. Rab1 Ne6 13. Bg3 Bd6 14. b4 Ng5 15. b5 Ng4 16. bxc6 bxc6 17. Na4 Bxg3 18.
hxg3 Qf6 19. Rbc1 Bd7 20. Nc5 Be6 21. Nxe6 fxe6 22. Qxc6 Rf8 23. Nf4 Rae8 24. Bg6 Re7 25. Bh5 Qf5 26. Ng6 Ref7 27. Nxf8 Rxf8 28. Bxg4 Qxg4 29.
Qd7 h5 30. Rc8 Rxc8 31. Qxc8+ Kh7 32. Qc2+ Kh6 33. Qd1 Qf5 34. f3 Qg6 35. Qd2 Nf7 36.
e4+ Kh7 37. exd5 Qxg3 38. Qe1 Qf4 39. Qe4+ Qf5 40. dxe6 1-0

[Event "*** Titled Tuesday Blitz"]
[Site "Chess.com"]
[Date "2021.02.02"]
[Round "8"]
[White "DanilNajdin"]
[Black "scarabee43"]
[Result "1-0"]
[WhiteElo "2472"]
[BlackElo "2570"]
[TimeControl "180+1"]
[EndTime "11:29:49 PST"]
[Termination "DanilNajdin won by resignation"]

1. e4 c5 2. Nf3 e6 3. d4 cxd4 4. Nxd4 Nc6 5. Nxc6 bxc6 6. Bd3 d5 7. Nd2 Nf6 8. O-O Be7 9. b3 a5 10. c4 O-O 11. Bb2 Bb7 12. f4 Qb6+ 13. Kh1 Rfd8 14. Qe2 a4 15. f5 a3 16. Bxf6 Bxf6 17. e5 Bg5 18. fxe6 fxe6 19. Qh5 Bh6 20. Rf7 Qe3 21.
Rxb7 Qxd2 22. Rd1 Qxa2 23. Qf7+ Kh8 24. Qxe6 Qf2 25. Rf7 Qh4 26. Qf5 Be3 27. g3 Qh6 28. e6 a2 29. e7 Rg8 30. Rf8 g6 31. Qe5+ Qg7 32. Rxg8+ Rxg8 33. e8=Q Rxe8 34. Qxe8+ Qg8 35. Qxe3 Qg7 36. Qe8+ Qg8 37. Qxg8+ Kxg8 38. cxd5 cxd5 39. Ra1 1-0

[Event "*** Titled Tuesday Blitz"]
[Site "Chess.com"]
[Date "2021.02.02"]
[Round "8"]
[White "Philosopherrr"]
[Black "joshdaruca"]
[Result "1-0"]
[WhiteElo "2597"]
[BlackElo "2722"]
[TimeControl "180+1"]
[EndTime "11:29:50 PST"]
[Termination "Philosopherrr won by resignation"]

1. e4 e6 2. d4 d5 3. Nc3 Bb4 4. e5 b6 5. Bb5+ c6 6. Ba4 Qd7 7. Bd2 a5 8. a3 Bf8 9. Nce2 Ba6 10. c3 Ne7 11. Bc2 c5 12. Nf3 Nbc6 13. O-O cxd4 14. cxd4 Nf5 15. Bxf5 exf5 16. Re1 Bxe2 17.
Qxe2 Nd8 18. Qd3 g6 19. Bg5 Be7 20. Bxe7 Kxe7 21. h4 Ne6 22. Qd2 h6 23. Rac1 Rac8 24.
Rxc8 Qxc8 25. Rc1 Qa6 26. b4 f4 27. bxa5 Qxa5 28. Qd3 Ra8 29. Rc3 Qa6 30. Qc2 Qb5 31.
h5 g5 32. Qf5 Qb2 33. Qf6+ Ke8 34. Rc6 Rxa3 35. Rc8+ Kd7 36. Rg8 Ra1+ 37. Kh2 Kc6 38. Qxf7 Nxd4 39. Rc8+ Kb5 40. Qxd5+ Kb4 41. Nxd4 Qxd4 42.
Qxd4+ 1-0

[Event "*** Titled Tuesday Blitz"]
[Site "Chess.com"]
[Date "2021.02.02"]
[Round "8"]
[White "c_r_e_e_p_e_r"]
[Black "Natalya_Buksa"]
[Result "0-1"]
[WhiteElo "2380"]
[BlackElo "2560"]
[TimeControl "180+1"]
[EndTime "11:29:50 PST"]
[Termination "Natalya_Buksa won by resignation"]

1. e4 c5 2. Nf3 Nc6 3. d4 cxd4 4. Nxd4 Nf6 5. Nc3 e5 6. Ndb5 d6 7. Bg5 a6 8. Na3 b5 9. Bxf6 gxf6 10. Nd5 f5 11. g3 Be6 12. Bg2 Rc8 13. O-O Bg7 14. c3 Ne7 15. Nc2 Nxd5 16. exd5 Bd7 17. Qh5 Qf6 18. f4 Qg6 19. Qe2 O-O 20. Ne3 Rfe8 21. Qd3 e4 22. Qd2 h5 23. Kh1 Kh7 24.
Rg1 Rg8 25. Bf1 Bf6 26. Be2 Qh6 27. Raf1 Rg7 28. Qd1 b4 29. c4 Bxb2 30. Bxh5 Qf6 31.
g4 Kg8 32. gxf5 Rxg1+ 33. Rxg1+ Kf8 34. Ng4 Qh8 35. Ne3 Bd4 36. Rg3 Bxe3 37. Rxe3 Rxc4 38.
Rh3 Qb2 39. Qg4 Rc1+ 40. Qg1 Rxg1+ 41. Kxg1 Bxf5 42. Rg3 Qa1+ 43. Kg2 Qxa2+ 44. Kg1 b3 45. Re3 b2 0-1

[Event "*** Titled Tuesday Blitz"]
[Site "Chess.com"]
[Date "2021.02.02"]
[Round "8"]
[White "gilbert_gm"]
[Black "BabyBoss31"]
[Result "1-0"]
[WhiteElo "2538"]
[BlackElo "2342"]
[TimeControl "180+1"]
[EndTime "11:29:51 PST"]
[Termination "gilbert_gm won by resignation"]

1. e4 c6 2. Nc3 d5 3. d4 dxe4 4. Nxe4 Nf6 5. Nxf6+ exf6 6. Bd3 Bd6 7. c3 O-O 8. Qc2 Re8+ 9. Ne2 h5 10. Be3 Nd7 11.
O-O-O Nf8 12. Ng3 Bg4 13. Rde1 h4 14. Ne4 b5 15. f3 Be6 16. Kb1 Bd5 17. Qf2 Ng6 18.
Nxd6 Qxd6 19. Bxg6 fxg6 20. Qxh4 b4 21. Qg3 Bxa2+ 22.
Kxa2 Qd5+ 23. b3 Qa5+ 24. Kb1 Qa3 25. Qf2 bxc3 26. Qa2 Qb4 27. Qa4 Qb6 28. Kc2 Rab8 29. Bf2 Qc7 30. Rxe8+ Rxe8 31. Re1 Rxe1 32. Bxe1 Qxh2 33.
Qxc6 Qxg2+ 34. Kxc3 Qe2 35. Qc4+ Qxc4+ 36. bxc4 Kf7 37. c5 Ke6 38. Kc4 Kd7 39. d5 g5 40. c6+ Kc8 41. d6 f5 42. Ba5 f4 43.
d7+ 1-0

[Event "*** Titled Tuesday Blitz"]
[Site "Chess.com"]
[Date "2021.02.02"]
[Round "8"]
[White "Happy1712Drummer"]
[Black "Tiradini007"]
[Result "1-0"]
[WhiteElo "2347"]
[BlackElo "2206"]
[TimeControl "180+1"]
[EndTime "11:29:51 PST"]
[Termination "Happy1712Drummer won on time"]

1. Nf3 c5 2. d4 cxd4 3. Nxd4 g6 4. c4 Bg7 5. Nc3 d6 6. g3 Nc6 7. Nb3 Bd7 8. Bg2 Nf6 9. O-O O-O 10. Nd5 Nxd5 11. cxd5 Ne5 12. Nd4 Qb6 13. b3 Nc4 14. e3 Na5 15. Bb2 Rac8 16. Qe2 a6 17. Rfc1 Bb5 18. Nxb5 axb5 19. Bxg7 Kxg7 20. Bf1 b4 21.
Qd2 Rc5 22. Rxc5 dxc5 23. e4 Rd8 24. e5 Nc6 25. Re1 Nd4 26. Bg2 Qa6 27. h4 h5 28.
Qg5 f6 29. exf6+ exf6 30. Qe3 Rd7 31. Qe8 Qd6 32. Kh1 Rf7 33. Qc8 Rc7 34. Qb8 1-0

[Event "*** Titled Tuesday Blitz"]
[Site "Chess.com"]
[Date "2021.02.02"]
[Round "8"]
[White "TimKett"]
[Black "MaxLeto"]
[Result "1-0"]
[WhiteElo "2195"]
[BlackElo "2305"]
[TimeControl "180+1"]
[EndTime "11:29:51 PST"]
[Termination "TimKett won by resignation"]

1. d4 b6 2. e4 Bb7 3. Nc3 e6 4. Bd3 d6 5. Nge2 a6 6. Be3 Nd7 7.
Qd2 Ngf6 8. O-O-O Ng4 9. Kb1 Be7 10. f4 Nxe3 11. Qxe3 O-O 12. e5 b5 13. Ne4 Nb6 14.
Qh3 g6 15. Qh6 Nd5 16. N2g3 Ne3 17. Rde1 Ng4 18. Qh3 Bxe4 19. Nxe4 h5 20. Qf3 d5 21. Nd2 c5 22. c3 cxd4 23. cxd4 Bb4 24. Re2 Qb6 25.
Nb3 a5 26. h3 Nh6 27. g4 h4 28.
f5 a4 29. Nc5 Bxc5 30. dxc5 Qxc5 31. Qf4 Kg7 32. Qg5 exf5 33. gxf5 Ra6 34. f6+ Kh7 35.
Rg2 d4 36. Bxg6+ 1-0

[Event "*** Titled Tuesday Blitz"]
[Site "Chess.com"]
[Date "2021.02.02"]
[Round "8"]
[White "Mimsychess"]
[Black "yobdc"]
[Result "1-0"]
[WhiteElo "2373"]
[BlackElo "2489"]
[TimeControl "180+1"]
[EndTime "11:29:52 PST"]
[Termination "Mimsychess won by resignation"]

1. e4 d6 2. d4 Nf6 3. Nc3 e5 4. Nf3 Nbd7 5. g4 h6 6. Bc4 Be7 7. g5 Ng8 8. Rg1 hxg5 9. Nxg5 Bxg5 10. Bxg5 Ngf6 11. h4 exd4 12. Qxd4 Ne5 13. Be2 Be6 14. O-O-O Qe7 15. f4 Nc6 16. Bb5 O-O-O 17. Bxc6 bxc6 18. Qxa7 Qe8 19. e5 Nd5 20. Nxd5 Bxd5 21. Qa8+ Kd7 22. Qxd8+ Qxd8 23. Bxd8 Kxd8 24. exd6 cxd6 25. Rxg7 Rxh4 26.
Rd4 Rh2 27. b3 Kc7 28. Rxd5 cxd5 29. Rxf7+ Kc6 30. a4 d4 31. f5 d3 32. cxd3 Kc5 33. f6 Kd4 34. Rd7 Kc3 35. Rc7+ Kxb3 36. f7 Rf2 37. a5 Kb4 38. a6 Kb5 39. a7 Kb6 40. Re7 1-0

[Event "*** Titled Tuesday Blitz"]
[Site "Chess.com"]
[Date "2021.02.02"]
[Round "8"]
[White "FMalexhdez"]
[Black "reniite"]
[Result "1-0"]
[WhiteElo "2197"]
[BlackElo "1995"]
[TimeControl "180+1"]
[EndTime "11:29:53 PST"]
[Termination "FMalexhdez won on time"]

1. e4 e5 2. Nf3 Nf6 3. d4 Nxe4 4. Bd3 d5 5. Nxe5 Nd7 6. Nxd7 Bxd7 7. O-O Be7 8. c4 Nf6 9. Nc3 dxc4 10. Bxc4 O-O 11. Bg5 h6 12. Bh4 Bg4 13. Qb3 Rb8 14. f3 Bf5 15.
Rad1 c6 16. Rfe1 b5 17. Bf1 a6 18. a3 Be6 19. Qc2 Rc8 20. Ne4 g5 21. Bf2 Nd5 22. Nc5 Bxc5 23. dxc5 Qc7 24. Bg3 Qa7 25. Bd6 Rfd8 26.
Kh1 Rd7 27. Qe4 Rcd8 28. Bd3 Nf6 29. Qe5 Kg7 30. f4 g4 31. f5 Bb3 32. Rd2 Re8 33. Qxf6+ Kxf6 34. Rxe8 Bd5 35. Be5+ Kg5 36. Rg8+ Kh5 37.
Be2 1-0

[Event "*** Titled Tuesday Blitz"]
[Site "Chess.com"]
[Date "2021.02.02"]
[Round "8"]
[White "starplatinum2030"]
[Black "Vamostodorecto"]
[Result "1-0"]
[WhiteElo "2110"]
[BlackElo "2408"]
[TimeControl "180+1"]
[EndTime "11:29:54 PST"]
[Termination "starplatinum2030 won on time"]

1. e4 e5 2. Nf3 Nc6 3. c3 Nf6 4.
d4 exd4 5. e5 Ne4 6. cxd4 d5 7.
Nc3 Bb4 8. Qb3 Bg4 9. a3 Ba5 10. Qxb7 Nxc3 11. Qxc6+ Bd7 12. Qc5 Nb5+ 13. b4 Bb6 14.
Qxd5 O-O 15. Bxb5 Bxb5 16. Qxb5 a5 17. O-O axb4 18. Qxb4 Qd5 19. Be3 Rfe8 20. Nd2 h6 21.
Qc4 Qb7 22. a4 Re6 23. Rfb1 Rg6 24. d5 Ra5 25. Bxb6 cxb6 26. Rb5 Ra8 27. Rab1 Qd7 28.
d6 Qh3 29. Qd5 Rc8 30. Qf3 Qe6 31. Rxb6 Qxe5 32. d7 Rd8 33. Nc4 Qe7 34. Rb8 Qxd7 35. a5 Kh7 36. Rxd8 Qxd8 37. a6 Qd4 38. Ne5 Rxa6 39.
Qf5+ 1-0

[Event "*** Titled Tuesday Blitz"]
[Site "Chess.com"]
[Date "2021.02.02"]
[Round "8"]
[White "arctic_t00"]
[Black "PavelShkapenko"]
[Result "0-1"]
[WhiteElo "2540"]
[BlackElo "2732"]
[TimeControl "180+1"]
[EndTime "11:29:55 PST"]
[Termination "PavelShkapenko won by checkmate"]

1. d4 Nf6 2. Nf3 e6 3. e3 c5 4. Bd3 d5 5. b3 Nc6 6. O-O Bd6 7.
Bb2 O-O 8. c4 b6 9. Nc3 cxd4 10.
exd4 dxc4 11. bxc4 Bb7 12. a3 Rc8 13. Qe2 Bb8 14.
Rad1 Qd6 15. g3 Rfe8 16. Rfe1 Ne7 17. Ne5 Nf5 18. Nb5 Qd8 19. d5 Nd6 20. Ng4 e5 21. Bxe5 Nxb5 22. Nxf6+ gxf6 23. Bxh7+ Kxh7 24. Qh5+ Kg8 25. Re4 Rxe5 26. Rxe5 Bxe5 27. cxb5 Qd7 28. h3 Rc5 29.
Kh2 Rxd5 30. Re1 Rd2 31. Kg1 Kf8 32. Re3 Rd1+ 33. Kh2 Rh1# 0-1